TOP OF THE 1ST |
New Orleans Spiders batting - Pitching for Barranquilla Biplanes : RHP Antaken Adnan
|
Pitching: RHP Antaken Adnan
|
|
Batting: RHB Ajwad Khair al Din
|
0-0: Fly out, F2 (Popup, 23F, EV 79.4 MPH)
|
Batting: RHB Kipkoskei Lahyani
|
0-0: Ball 1-0: Foul Ball, location: 2F 1-1: Ball 2-1: Ball 3-1: Foul Ball, location: 23F 3-2: Base on Balls
|
Batting: RHB Liu-chun Kuai
|
0-0: Called Strike 0-1: Foul Ball, location: 9LSF 0-2: Ball 1-2: SINGLE (Flyball, 56D, EV 95.0 MPH) Kipkoskei Lahyani to second
|
Batting: LHB Jamil bin Da'ud
|
0-0: Ball 1-0: Foul Ball, location: 25F 1-1: Fielders Choice at 2nd, 4-6 (Groundball, 4MD, EV 108.1 MPH) Kipkoskei Lahyani to third
|
Batting: RHB Gunawan Ananas
|
0-0: Fly out, F8 (Flyball, 89M, EV 87.5 MPH)
|
Top of the 1st over - 0 runs, 1 hit, 0 errors, 2 left on base; New Orleans 0 - Barranquilla 0 |
BOTTOM OF THE 1ST |
Barranquilla Biplanes batting - Pitching for New Orleans Spiders : RHP Jordan Juarez
|
Pitching: RHP Jordan Juarez
|
|
Batting: LHB Natane Kaleba
|
0-0: Ball 1-0: Ground out U3 (Groundball, 34, EV 98.8 MPH)
|
Batting: RHB Bart Hopkins
|
0-0: Ball 1-0: Swinging Strike 1-1: Swinging Strike 1-2: Ball 2-2: Strikes out swinging
|
Batting: RHB Talib bin Husam
|
0-0: Ball 1-0: Ground out 5-3 (Groundball, 56S, EV 95.0 MPH)
|
Bottom of the 1st over - 0 runs, 0 hits, 0 errors, 0 left on base; New Orleans 0 - Barranquilla 0 |
TOP OF THE 2ND |
New Orleans Spiders batting - Pitching for Barranquilla Biplanes : RHP Antaken Adnan
|
Batting: LHB Abbad Muhsin
|
0-0: Ball 1-0: Ball 2-0: Foul Ball, location: 3SF 2-1: Foul Ball, location: 7LDF 2-2: Foul Ball, location: 5F 2-2: Ground out 6-3 (Groundball, 6, EV 86.9 MPH)
|
Batting: RHB Candrakrti Vaibhav
|
0-0: Called Strike 0-1: Ball 1-1: Ground out 4-3 (Groundball, 4D, EV 108.1 MPH)
|
Batting: SHB Barnabá Rozsypal
|
0-0: Foul Ball, location: 2F 0-1: Ball 1-1: Ball 2-1: SINGLE (Groundball, 4MD, EV 95.6 MPH)
|
Batting: RHB Sariyah bin Rais
|
0-0: Ball 1-0: Called Strike 1-1: Ball 2-1: Ground out 5-3 (Groundball, 56S, EV 88.1 MPH)
|
Top of the 2nd over - 0 runs, 1 hit, 0 errors, 1 left on base; New Orleans 0 - Barranquilla 0 |
BOTTOM OF THE 2ND |
Barranquilla Biplanes batting - Pitching for New Orleans Spiders : RHP Jordan Juarez
|
Batting: LHB Carlos Rodriguez
|
0-0: Called Strike 0-1: Swinging Strike 0-2: Strikes out swinging
|
Batting: RHB Atas Coblah
|
0-0: Called Strike 0-1: Called Strike 0-2: Foul Ball, location: 23F 0-2: Ground out 5-3 (Groundball, 56, EV 86.9 MPH)
|
Batting: RHB Nu'man Ata
|
0-0: Ball 1-0: Ball 2-0: Ground out 5-3 (Groundball, 56, EV 79.4 MPH)
|
Bottom of the 2nd over - 0 runs, 0 hits, 0 errors, 0 left on base; New Orleans 0 - Barranquilla 0 |
TOP OF THE 3RD |
New Orleans Spiders batting - Pitching for Barranquilla Biplanes : RHP Antaken Adnan
|
Batting: RHB Ajwad Khair al Din
|
0-0: Swinging Strike 0-1: Ground out 6-3 (Groundball, 6, EV 97.5 MPH)
|
Batting: RHB Kipkoskei Lahyani
|
0-0: DOUBLE (Groundball, 5L, EV 95.6 MPH)
|
Batting: RHB Liu-chun Kuai
|
0-0: Foul Ball, location: 9LDF 0-1: Ground out U3 (Groundball, 34S, EV 83.1 MPH) Kipkoskei Lahyani to third
|
Batting: LHB Jamil bin Da'ud
|
0-0: Ball 1-0: Ball 2-0: Called Strike 2-1: Fly out, F3 (Popup, 3F, EV 66.3 MPH)
|
Top of the 3rd over - 0 runs, 1 hit, 0 errors, 1 left on base; New Orleans 0 - Barranquilla 0 |
BOTTOM OF THE 3RD |
Barranquilla Biplanes batting - Pitching for New Orleans Spiders : RHP Jordan Juarez
|
Batting: RHB Mahdi bin Kareem
|
0-0: Reached on error, E5 (Groundball, 5, EV 108.1 MPH)
|
Batting: RHB Pang Qi
|
0-0: Bunt - Flyout to 2L! F2
|
Batting: RHB Tobias Holzknecht
|
0-0: Ball 1-0: Ground out 4-3 (Groundball, 34, EV 96.9 MPH) Mahdi bin Kareem to second
|
Batting: LHB Natane Kaleba
|
0-0: Ball 1-0: Called Strike 1-1: Called Strike 1-2: SINGLE (Groundball, 6S, EV 71.9 MPH) (infield hit) Mahdi bin Kareem to third
|
Batting: RHB Bart Hopkins
|
0-0: Called Strike 0-1: Ball 1-1: Foul Ball, location: 2F 1-2: Ball 2-2: Ball 3-2: Foul Ball, location: 9LDF 3-2: SINGLE (Groundball, 6S, EV 76.9 MPH) (infield hit) Mahdi bin Kareem scores Natane Kaleba to second
|
Batting: RHB Talib bin Husam
|
0-0: SINGLE (Groundball, 4MS, EV 68.8 MPH) (infield hit) Natane Kaleba to third Bart Hopkins to second
|
Batting: LHB Carlos Rodriguez
|
0-0: Called Strike 0-1: Fly out, F8 (Flyball, 8LD, EV 95.6 MPH)
|
Bottom of the 3rd over - 1 run, 3 hits, 1 error, 3 left on base; New Orleans 0 - Barranquilla 1 |
TOP OF THE 4TH |
New Orleans Spiders batting - Pitching for Barranquilla Biplanes : RHP Antaken Adnan
|
Batting: RHB Gunawan Ananas
|
0-0: Ball 1-0: Ball 2-0: Ball 3-0: Foul Ball, location: 9LSF 3-1: Foul Ball, location: 2F 3-2: SINGLE (Groundball, 6, EV 108.1 MPH) (infield hit)
|
Batting: LHB Abbad Muhsin
|
0-0: Ball 1-0: SINGLE (Flyball, 89S, EV 92.5 MPH) Gunawan Ananas to second
|
Batting: RHB Candrakrti Vaibhav
|
0-0: Bunted foul 0-1: Ball 1-1: Ball 2-1: Ball 3-1: Sac Bunt to P - play at first, batter OUT! 1-4 Gunawan Ananas to third Abbad Muhsin to second
|
Batting: SHB Barnabá Rozsypal
|
0-0: Called Strike 0-1: Ball 1-1: Foul Ball, location: 2LF 1-2: Ground out 4-3 (Groundball, 4, EV 110.6 MPH)
|
Batting: RHB Sariyah bin Rais
|
0-0: Ball 1-0: Ball 2-0: Ball 3-0: Called Strike 3-1: Base on Balls
|
Batting: RHB Ajwad Khair al Din
|
0-0: Ball Wild Pitch! Gunawan Ananas scores Abbad Muhsin to third Sariyah bin Rais to second 1-0: Foul Ball, location: 3DF 1-1: Ball 2-1: Called Strike 2-2: Foul Ball, location: 2LF, Error on foul ball, E2 2-2: Ball 3-2: Foul Ball, location: 23F 3-2: Fly out, F7 (Flyball, 78M, EV 92.5 MPH)
|
Top of the 4th over - 1 run, 2 hits, 1 error, 2 left on base; New Orleans 1 - Barranquilla 1 |
BOTTOM OF THE 4TH |
Barranquilla Biplanes batting - Pitching for New Orleans Spiders : RHP Jordan Juarez
|
Batting: RHB Atas Coblah
|
0-0: Swinging Strike 0-1: Foul Ball, location: 5F 0-2: SINGLE (Groundball, 6MD, EV 94.4 MPH)
|
Batting: RHB Nu'man Ata
|
0-0: Sac Bunt to 5S - play at first, batter OUT! 5-3 Atas Coblah to second
|
Batting: RHB Mahdi bin Kareem
|
0-0: Called Strike 0-1: Foul Ball, location: 5FF 0-2: Foul Ball, location: 25FF 0-2: Ball 1-2: Ground out 3-1 (Groundball, 34, EV 108.1 MPH) Atas Coblah to third
|
Batting: RHB Pang Qi
|
0-0: Swinging Strike 0-1: Called Strike 0-2: SINGLE (Groundball, 34D, EV 106.3 MPH) Atas Coblah scores
|
Batting: RHB Tobias Holzknecht
|
0-0: Ball 1-0: Ball 2-0: Called Strike 2-1: SINGLE (Groundball, 6D, EV 107.5 MPH) Pang Qi to second
|
Batting: LHB Natane Kaleba
|
0-0: SINGLE (Line Drive, 6M, EV 102.5 MPH) Pang Qi to third Tobias Holzknecht to second Runner from 3rd tries for Home, SAFE, throw by CF to home
|
Batting: RHB Bart Hopkins
|
0-0: Called Strike 0-1: Swinging Strike 0-2: Ball 1-2: Ball 2-2: Ball 3-2: Strikes out swinging
|
Bottom of the 4th over - 2 runs, 4 hits, 0 errors, 2 left on base; New Orleans 1 - Barranquilla 3 |
TOP OF THE 5TH |
New Orleans Spiders batting - Pitching for Barranquilla Biplanes : RHP Antaken Adnan
|
Batting: RHB Kipkoskei Lahyani
|
0-0: SINGLE (Flyball, 56D, EV 85.6 MPH)
|
Batting: RHB Liu-chun Kuai
|
0-0: Ball 1-0: Swinging Strike 1-1: Ball 2-1: Swinging Strike 2-2: Foul Ball, location: 5SF 2-2: Fly out, F7 (Flyball, 7S, EV 67.5 MPH)
|
Batting: LHB Jamil bin Da'ud
|
0-0: Called Strike 0-1: Ball 1-1: Fielders Choice at 2nd, 4-6 (Groundball, 34, EV 106.9 MPH)
|
Batting: RHB Gunawan Ananas
|
0-0: Foul Ball, location: 2RF 0-1: Fielders Choice at 2nd, 6-4 (Groundball, 6, EV 102.5 MPH)
|
Top of the 5th over - 0 runs, 1 hit, 0 errors, 1 left on base; New Orleans 1 - Barranquilla 3 |
BOTTOM OF THE 5TH |
Barranquilla Biplanes batting - Pitching for New Orleans Spiders : RHP Jordan Juarez
|
Batting: RHB Talib bin Husam
|
0-0: Called Strike 0-1: Ball 1-1: DOUBLE (Flyball, 8LXD, EV 100.0 MPH)
|
Batting: LHB Carlos Rodriguez
|
0-0: Called Strike 0-1: 2-RUN HOME RUN (Flyball, 89XD, EV 111.3 MPH), Distance : 406 ft
|
Pitching: RHP Sirak Wangondu
|
|
Batting: RHB Atas Coblah
|
0-0: SINGLE (Line Drive, 89S, EV 90.6 MPH)
|
Batting: RHB Nu'man Ata
|
0-0: Ball 1-0: Ball 2-0: Sac Bunt to 13S - play at first, batter OUT! 1-3 Atas Coblah to second
|
Batting: RHB Mahdi bin Kareem
|
0-0: Foul Ball, location: 5FF 0-1: Ball 1-1: Foul Ball, location: 9LDF 1-2: Ball 2-2: Strikes out looking
|
Batting: RHB Pang Qi
|
0-0: Ball 1-0: Ball 2-0: Called Strike 2-1: SINGLE (Line Drive, 3D, EV 93.8 MPH) Atas Coblah to third Runner from 3rd tries for Home, SAFE, throw by RF to home
|
Batting: RHB Tobias Holzknecht
|
0-0: Called Strike 0-1: Ball 1-1: Ball 2-1: Called Strike 2-2: Foul Ball, location: 2RF 2-2: Foul Ball, location: 23FF 2-2: Fielders Choice at 2nd, 6-4 (Groundball, 56, EV 86.9 MPH)
|
Bottom of the 5th over - 3 runs, 4 hits, 0 errors, 1 left on base; New Orleans 1 - Barranquilla 6 |
TOP OF THE 6TH |
New Orleans Spiders batting - Pitching for Barranquilla Biplanes : RHP Antaken Adnan
|
Batting: LHB Abbad Muhsin
|
0-0: Ball 1-0: Ball 2-0: Ground out 6-3 (Groundball, 6, EV 93.1 MPH)
|
Batting: RHB Candrakrti Vaibhav
|
0-0: SINGLE (Groundball, 34D, EV 100.6 MPH)
|
Batting: SHB Barnabá Rozsypal
|
0-0: Swinging Strike 0-1: SINGLE (Groundball, 56S, EV 72.5 MPH) (infield hit) Candrakrti Vaibhav to second
|
Batting: RHB Sariyah bin Rais
|
0-0: TRIPLE (Line Drive, 89XD, EV 100.0 MPH) Candrakrti Vaibhav scores Barnabá Rozsypal scores
|
Batting: RHB Ajwad Khair al Din
|
0-0: Ball 1-0: Called Strike 1-1: Ball 2-1: Ball 3-1: Foul Ball, location: 9LDF 3-2: Foul Ball, location: 2F 3-2: Single, Error in OF, E9, batter to second base (Groundball, 34D, EV 108.1 MPH) Sariyah bin Rais scores
|
Pitching: RHP Lorenzo Grieco
|
|
Batting: RHB Kipkoskei Lahyani
|
0-0: Ball 1-0: Called Strike 1-1: Called Strike 1-2: DOUBLE (Line Drive, 89M, EV 106.9 MPH) Ajwad Khair al Din scores
|
Batting: RHB Liu-chun Kuai
|
0-0: Ground out 6-3 (Groundball, 6, EV 83.1 MPH)
|
Pitching: LHP Kaleva Sirkiä
|
|
Batting: LHB Jamil bin Da'ud
|
0-0: Foul Ball, location: 25FF 0-1: Ball 1-1: Ball 2-1: Ground out 2-3 (Groundball, 15S, EV 72.5 MPH)
|
Top of the 6th over - 4 runs, 5 hits, 1 error, 1 left on base; New Orleans 5 - Barranquilla 6 |
BOTTOM OF THE 6TH |
Barranquilla Biplanes batting - Pitching for New Orleans Spiders : RHP Sirak Wangondu
|
Batting: LHB Natane Kaleba
|
0-0: Ball 1-0: Ball 2-0: Called Strike 2-1: Ground out 5-3 (Groundball, 5L, EV 83.1 MPH)
|
Batting: RHB Bart Hopkins
|
0-0: Called Strike 0-1: Ball 1-1: Ball 2-1: Ball 3-1: Base on Balls
|
Batting: RHB Talib bin Husam
|
0-0: Called Strike 0-1: Ball 1-1: Fly out, F9 (Line Drive, 9S, EV 94.4 MPH)
|
Batting: LHB Carlos Rodriguez
|
0-0: Called Strike 0-1: Swinging Strike 0-2: Strikes out swinging, 2-3 out at first.
|
Bottom of the 6th over - 0 runs, 0 hits, 0 errors, 1 left on base; New Orleans 5 - Barranquilla 6 |
TOP OF THE 7TH |
New Orleans Spiders batting - Pitching for Barranquilla Biplanes : LHP Kaleva Sirkiä
|
Pitching: RHP Bertil Schipper
|
|
Batting: RHB Gunawan Ananas
|
0-0: Ground out 6-3 (Groundball, 6, EV 84.4 MPH)
|
Batting: LHB Abbad Muhsin
|
0-0: Swinging Strike 0-1: Ball 1-1: Ground out 6-3 (Groundball, 6, EV 89.4 MPH)
|
Batting: RHB Candrakrti Vaibhav
|
0-0: Ball 1-0: Foul Ball, location: 2F 1-1: Foul Ball, location: 2F 1-2: Ball 2-2: DOUBLE (Flyball, 8RXD, EV 96.9 MPH)
|
Batting: SHB Barnabá Rozsypal
|
0-0: Ball 1-0: Foul Ball, location: 2F 1-1: Ground out 4-3 (Groundball, 4, EV 103.1 MPH)
|
Top of the 7th over - 0 runs, 1 hit, 0 errors, 1 left on base; New Orleans 5 - Barranquilla 6 |
BOTTOM OF THE 7TH |
Barranquilla Biplanes batting - Pitching for New Orleans Spiders : RHP Sirak Wangondu
|
Batting: RHB Atas Coblah
|
0-0: Called Strike 0-1: Ball 1-1: SINGLE (Groundball, 6, EV 77.5 MPH)
|
Batting: RHB Nu'man Ata
|
0-0: SINGLE (Line Drive, 4MD, EV 99.4 MPH) Atas Coblah to second
|
Batting: RHB Mahdi bin Kareem
|
0-0: Foul Ball, location: 2F 0-1: Foul Ball, location: 2F 0-2: Ball 1-2: Grounds into double play, 6-4-3 (Groundball, 6, EV 77.5 MPH) Atas Coblah to third
|
Pitching: LHP Oliver Mendoza
|
|
Batting: RHB Pang Qi
|
0-0: Ball 1-0: Foul Ball, location: 3F 1-1: Ball 2-1: Foul Ball, location: 2F 2-2: Foul Ball, location: 3F 2-2: Fly out, F7 (Flyball, 78M, EV 86.9 MPH)
|
Bottom of the 7th over - 0 runs, 2 hits, 0 errors, 1 left on base; New Orleans 5 - Barranquilla 6 |
TOP OF THE 8TH |
New Orleans Spiders batting - Pitching for Barranquilla Biplanes : RHP Bertil Schipper
|
Now at 1B: Vlàshi Bardhi
|
|
Pinch Hitting: LHB Kazutaka Fukunaga
|
0-0: Ball 1-0: Ball 2-0: Ball 3-0: Base on Balls
|
Batting: RHB Ajwad Khair al Din
|
0-0: Ball 1-0: Sac Bunt to 15 - play at first, batter OUT! 1-3 Kazutaka Fukunaga to second
|
Batting: RHB Kipkoskei Lahyani
|
0-0: Ball 1-0: Fly out, F9 (Flyball, 9D, EV 91.9 MPH)
|
Batting: RHB Liu-chun Kuai
|
0-0: Ball 1-0: Swinging Strike 1-1: Swinging Strike 1-2: Ground out 5-3 (Groundball, 56S, EV 93.1 MPH)
|
Top of the 8th over - 0 runs, 0 hits, 0 errors, 1 left on base; New Orleans 5 - Barranquilla 6 |
BOTTOM OF THE 8TH |
Barranquilla Biplanes batting - Pitching for New Orleans Spiders : LHP Oliver Mendoza
|
Now in CF: Yaseen Salah al Din
|
|
Batting: RHB Tobias Holzknecht
|
0-0: Ball 1-0: Ball 2-0: Ball 3-0: Called Strike 3-1: Foul Ball, location: 3DF 3-2: Base on Balls
|
Batting: LHB Natane Kaleba
|
0-0: Sac Bunt to 25 - play at first, batter OUT! 5-3 Tobias Holzknecht to second
|
Batting: RHB Bart Hopkins
|
0-0: Swinging Strike 0-1: Fly out, F6 (Line Drive, 6M, EV 69.4 MPH)
|
Batting: RHB Talib bin Husam
|
0-0: Ball 1-0: Swinging Strike 1-1: Ball 2-1: Swinging Strike 2-2: Strikes out swinging
|
Bottom of the 8th over - 0 runs, 0 hits, 0 errors, 1 left on base; New Orleans 5 - Barranquilla 6 |
TOP OF THE 9TH |
New Orleans Spiders batting - Pitching for Barranquilla Biplanes : RHP Bertil Schipper
|
Pitching: RHP Cirillo Amico
|
|
Batting: LHB Jamil bin Da'ud
|
0-0: Foul Ball, location: 2F 0-1: Foul Ball, location: 23FF 0-2: Strikes out swinging
|
Batting: LHB Zenawi Utni
|
0-0: Called Strike 0-1: SINGLE (Line Drive, 6D, EV 63.8 MPH)
|
Batting: LHB Abbad Muhsin
|
0-0: Called Strike 0-1: Called Strike 0-2: Foul Ball, location: 9LMF 0-2: Hit by Pitch Zenawi Utni to second
|
Batting: RHB Candrakrti Vaibhav
|
0-0: Grounds into double play, 4-6-3 (Groundball, 4D, EV 98.8 MPH)
|
Top of the 9th over - 0 runs, 1 hit, 0 errors, 1 left on base; New Orleans 5 - Barranquilla 6 |
|